 Dungeon Crawl Stone Soup version 0.31.0-11-ge490571c62 (webtiles) character file.

Game seed: 10349739338510615543

215602 sanka the Warrior (level 18, -5/177 HPs)
             Began as a Minotaur Fighter on Jan 27, 2024.
             Was the Champion of the Shining One.
             Killed from afar by a Brimstone Fiend (46 damage)
             ... with damnation
             ... in Pandemonium on Jan 28, 2024.
             The game lasted 01:36:40 (34060 turns).

sanka the Warrior (Minotaur Fighter)               Turns: 34060, Time: 01:36:40

Health: -5/177     AC: 35    Str: 26    XL:     18   Next: 71%
Magic:  18/28      EV: 17    Int:  5    God:    the Shining One [******]
Gold:   1611       SH: 19    Dex: 16    Spells: 17/17 levels left

rFire   + . .        a - +3 sacred scourge (holy)
rCold   + . .        B - +0 kite shield
rNeg    + + +        F - +5 gold dragon scales
rPois   +            c - +0 hat {Stlth+}
rElec   .            Y - +2 cloak {Will+}
rCorr   .            t - +2 pair of gloves {Str+3}
SInv    .            (no boots)
Will    ++...        I - amulet of reflection Stlth
                     n - +4 ring of slaying
HPRegen 0.49/turn    x - +5 ring of evasion
MPRegen 0.21/turn

%: reflection
@: about to teleport, glowing
A: horns 2, retaliatory headbutt
a: Renounce Religion, Divine Shield, Cleansing Flame, Summon Divine Warrior


You were in Pandemonium.
You worshipped the Shining One.
The Shining One was exalted by your worship.
You visited 4 branches of the dungeon, and saw 21 of its levels.
You visited Pandemonium 1 time, and saw 3 of its levels.
You also visited: Ossuary and Gauntlet.

You collected 2381 gold pieces.
You spent 770 gold pieces at shops.


Innate Abilities, Weirdness & Mutations

You have a pair of horns on your head.
You reflexively headbutt those who attack you in melee.


   Skills:
 + Level 19.6 Fighting
 - Level 16.0 Maces & Flails
 + Level 19.6 Armour
 - Level 14.0 Dodging
 - Level 15.0 Shields
 - Level 15.0 Invocations


You had 17 spell levels left.
You didn't know any spells.
Your spell library contained the following spells:

 Spells                   Type           Power      Damage    Failure   Level
 Freeze                   Ice            0%         1d3       100%        1
 Magic Dart               Conj           0%         1d3       100%        1
 Call Imp                 Summ           0%         N/A       100%        2
 Cigotuvi's Dreadful Rot  Necr/Alch/Air  0%         N/A       100%        2
 Scorch                   Fire           0%         2d5       100%        2
 Searing Ray              Conj           0%         2d4       100%        2
 Sublimation of Blood     Necr           0%         N/A       100%        2
 Frozen Ramparts          Ice            0%         1d1       100%        3
 Hailstorm                Conj/Ice       0%         3d5       100%        3
 Ozocubu's Armour         Ice            0%         N/A       100%        3
 Brom's Barrelling Bould  Conj/Erth      0%         2d3       100%        4
 Dispel Undead            Necr           0%         3d6       100%        4
 Flame Wave               Conj/Fire      0%         2d4       100%        4
 Fulminant Prism          Conj/Alch      0%         3d5       100%        4
 Ignite Poison            Fire/Alch      0%         N/A       100%        4
 Martyr's Knell           Necr/Summ      0%         N/A       100%        4
 Fireball                 Conj/Fire      0%         3d3       100%        5
 Freezing Cloud           Conj/Ice/Air   0%         6-21      100%        5
 Iskenderun's Battlesphe  Conj           0%         2d6       100%        5
 Metabolic Englaciation   Hex/Ice        0%         N/A       100%        5
 Summon Forest            Summ/Tloc      0%         N/A       100%        5
 Conjure Ball Lightning   Conj/Air       0%         3x3d6     100%        6
 Death Channel            Necr           0%         N/A       100%        6
 Eringya's Noxious Bog    Alch           0%         4d6       100%        6
 Sculpt Simulacrum        Ice/Alch       0%         N/A       100%        6
 Summon Cactus Giant      Summ           0%         N/A       100%        6
 Orb of Destruction       Conj           0%         9d5       100%        7
 Summon Hydra             Summ           0%         N/A       100%        7

Inventory:

Hand Weapons
 a - a +3 sacred scourge of holy wrath (weapon)
 b - a +1 eveningstar of flaming
Missiles
 y - 3 throwing nets {=f}
 R - 8 curare-tipped darts {=f}
 T - 9 silver javelins
Armour
 c - a +0 hat of stealth (worn)
 t - a +2 pair of gloves of strength (worn)
 B - a +0 kite shield (worn)
 F - +5 gold dragon scales (worn)
 Y - a +2 cloak of willpower (worn)
Jewellery
 n - a +4 ring of slaying (left hand)
 p - the ring "Kuovuxk Boro" {Fire Str+3 Dex+2}

   [ring of fire]

   Fire:      It enhances your fire magic.
   Str+3:     It affects your strength (+3).
   Dex+2:     It affects your dexterity (+2).
   rF+:       It protects you from fire.
   rC-:       It makes you vulnerable to cold.
 x - a +5 ring of evasion (right hand)
 D - a ring of flight
 I - an amulet of reflection (around neck)
 M - a ring of protection from cold
 N - an amulet of regeneration
 Q - a ring of willpower
 W - a +5 ring of evasion
Wands
 q - a wand of flame (102)
 s - a wand of acid (22) (quivered)
 v - a wand of digging (6)
 L - a wand of roots (19)
 P - a wand of paralysis (25)
 X - a wand of polymorph (3)
Scrolls
 f - a scroll of fog
 g - 11 scrolls of teleportation {@r4}
 h - 5 scrolls of silence {!r}
 j - a scroll of brand weapon
 k - 3 scrolls of poison {!r}
 m - 2 scrolls of immolation {!r}
 o - 5 scrolls of noise {!r}
 z - 6 scrolls of blinking
 C - 6 scrolls of fear
 H - 2 scrolls of summoning
 J - 6 scrolls of identify {@r1}
 U - a scroll of vulnerability {!r}
 Z - 2 scrolls of revelation
Potions
 d - 2 potions of might
 e - a potion of haste {@q3}
 i - a potion of heal wounds {@q2}
 l - 8 potions of attraction {!q}
 r - 2 potions of magic
 u - a potion of berserk rage {!q}
 w - 8 potions of curing {@q1}
 A - 6 potions of mutation {!q}
 E - 3 potions of cancellation
 G - 2 potions of enlightenment
 K - 2 potions of resistance

Dungeon Overview and Level Annotations

Branches:
Dungeon (15/15)            Temple (1/1) D:4            Lair (0/5) D:9
    Orc (0/2) D:12         Vaults (0/5) D:14         Depths (4/4) D:15
   Hell (visited)             Zot (0/5) Depths:4    Ossuary (visited)
Gauntlet (visited)
    Dis: Hell:1         Geh: Hell:1         Coc: Hell:1         Tar: Hell:1

Altars:
Ashenzari
Cheibriados
Dithmenos
Elyvilon
Fedhas
Gozag
Hepliaklqana
Kikubaaqudgha
Makhleb
Nemelex Xobeh
Okawaru
Qazlal
Ru
Sif Muna
Trog
Uskayaw
Vehumet
Wu Jian
Xom
Yredelemnul
Zin
The Shining One
Lugonu

Shops:
D:1 (   D:8 :   D:11 [?**(   D:13 [

Portals:
Hell: Depths:1 Depths:2 Depths:3 Depths:4
Abyss: Depths:3 Depths:4
Pandemonium: Depths:1 Depths:3
Ziggurat: Depths:3

Annotations:
D:9 exclusion: downstairs
D:12 exclusion: downstairs
D:14 exclusion: downstairs
Depths:2 2 transporters
Hell Geryon

...... .
.(... ▒.
▒...▒
.▒▒.▒▒...▒▒
......^...▒
..........▒
......☼☼.°▒
▒.▒....
..5...v☼H§▒
......
....521.☼▒▒
.....
.3..5.v☼▒▒
▒▒▒▒▒▒▒▒▒
▒▒▒..&▒
▒▒▒▒▒▒°☼▒
▒▒...▒!...
......▒
▒..▒
▒.........
......▒
▒▒..▒
▒.........
......▒
▒...▒
▒.........
▒.▒ ▒&.▒▒
▒.........
▒.▒
▒▒▒▒..▒▒▒▒
▒▒....▒...


You could see Lankeuho, a Brimstone Fiend, a balrug, a ynoxinul, 2 fire vortices
and 3 ufetubi.


Message History

Found 5 stones.
Lankeuho gestures at you.
A raging storm of fire appears!
The great blast of fire engulfs you!!! You partially resist.
* * * LOW HITPOINT WARNING * * *
The ynoxinul gestures.
The balrug gestures at you. Something smites you!
* * * LOW HITPOINT WARNING * * *
You hear a bellow!
You hear a bellow!
You hear a chilling moan.
You hear a shout! 2 fire vortices come into view.
As you read the scroll of teleportation {@r4}, it crumbles to dust.
You feel strangely unstable.
You are engulfed in blazing flames.
You resist.
* * * LOW HITPOINT WARNING * * *
The ynoxinul gestures.
Unknown command.
Unknown command.
Lankeuho gestures at you. The bolt of lightning hits you!!!
The Shining One protects you from harm! The Brimstone Fiend gestures at you.
The sphere of damnation explodes!
The damnation engulfs you!!!
You die...

Action                     |  1- 3 |  4- 6 |  7- 9 | 10-12 | 13-15 | 16-18 || total
---------------------------+-------+-------+-------+-------+-------+-------++-------
  Melee: Flail             |    77 |    50 |   249 |    35 |       |       ||   411
         Headbutt          |    11 |     6 |    60 |   101 |   276 |   334 ||   788
         Eveningstar       |       |       |       |   413 |   825 |   747 ||  1985
         Sacred scourge    |       |       |       |       |       |   198 ||   198
 Invoke: Divine Shield     |       |       |       |     5 |    21 |    19 ||    45
         Summon Divine War |       |       |       |       |     2 |    11 ||    13
         Brand Weapon With |       |       |       |       |       |     1 ||     1
  Evoke: Wand              |       |       |     5 |     1 |       |       ||     6
    Use: Scroll            |       |       |       |    20 |     9 |     9 ||    38
         Potion            |       |       |       |       |     5 |     7 ||    12
 Armour: Scale mail        |    62 |       |       |       |       |       ||    62
         Chain mail        |       |    32 |   106 |       |       |       ||   138
         Plate armour      |       |       |     8 |   277 |   351 |    96 ||   732
         Gold dragon scale |       |       |       |       |       |   331 ||   331
  Dodge: Dodged            |    33 |    14 |   108 |   157 |   351 |   328 ||   991
  Block: Buckler           |    16 |    10 |    48 |   149 |   334 |       ||   557
         Reflection        |       |       |       |     9 |    25 |     4 ||    38
         Kite shield       |       |       |       |       |   214 |   820 ||  1034

Levels and vault maps discovered:
D:1:      grunt_arrival_crossed_arrows, layout_loops_cross, serial_shops,
          nicolae_shop_bloodbath_and_beyond,
          dreamdust_ecumenical_altar_angels_and_demons
D:2:      layout_rooms, uniq_terence
D:3:      layout_basic
D:4:      layout_cave_pools, minmay_temple_entry_stoned_glass,
          mainiacjoe_ossuary_entry_dusty_tomb, feat_on_display,
          uniq_blork_the_orc, uniq_grinder
D:5:      cheibrodos_fertilizer, layout_basic
D:6:      minmay_opposing_rooms, layout_gridville, minmay_microvault,
          uniq_crazy_yiuf_cottage, uniq_maggie
D:7:      layout_rooms, chequers_temple_overflow_statue_of_worship
D:8:      layout_loops_corners, mainiacjoe_overflow_brackets,
          mainiacjoe_overflow_alcove_2, nicolae_shop_i_like_big_books,
          minmay_misc_feat_rugged, uniq_jeremiah, uniq_pikel
D:9:      layout_loops_ring, due_lair_maze_entry_diamond, gammafunk_ghost_grave,
          serial_ice, serial_ice_g, serial_ice_m, serial_ice_b, serial_ice_f,
          uniq_maurice
D:10:     layout_loops_ring
D:11:     layout_loops_ring, serial_shops, nicolae_shop_real_fake_doors,
          nicolae_shop_tiny_statue_garden, shop, shop,
          nicolae_shop_advertising_works [nicolae_subvault_shop_adworks],
          minmay_lizard_king
D:12:     layout_rooms, kennysheep_orc_monster_closet_entryway, special_room
          [special_room_orc], serial_glass, glass_columns_a, glass_columns_b,
          glass_columns_b, glass_columns_a, gauntlet_entry_generic,
          chequers_jeans
D:13:     dpeg_index_elf_rogue_hall, layout_small_grid, serial_shops,
          nicolae_shop_tiny_statue_garden, uniq_erolcha, uniq_azrael
D:14:     layout_basic, david_vaults_2, chequers_serial_rivers_large_a,
          vehumet_crystals, uniq_snorg
D:15:     grunt_enter_depths_giant_problem, layout_basic,
          ebering_ghost_funeral_grove, nicolae_figureground_pulse,
          minmay_joined_circles, uniq_josephine
Temple:   nicolae_temple_two_arcs
Depths:1: layout_cave_pools, hangedman_glass_teeth, hell_entry,
          rand_demon_pan_entry_7, makhleb_altar_promises_db,
          serial_bayou_shore_b
Depths:2: gammafunk_corrupted_shrine, layout_twisted_cross, pan_entry,
          hell_entry, infiniplex_staircase_spiral_double, grunt_megastairs_5
Depths:3: evilmike_lava_path, layout_basic, enter_ziggurat_f,
          lemuel_blue_sif_altar, grunt_pan_entry_sceptre,
          abyss_entry_flame_altar, hell_entry, serial_sigils,
          serial_sigils_hangedman_shear, serial_sigils_hangedman_stare,
          serial_sigils_hangedman_scratch, serial_sigils_hangedman_writhe,
          infiniplex_staircase_zigzag_2, uniq_grunn
Depths:4: evilmike_zot_entry_gauntlet, layout_basic, hellmouth_1, abyss_entry,
          serial_bayou_shore_b
Hell
Pan:      rand_demon_2, layout_stronghold, rand_demon_2, layout_rooms,
          nicolae_pan_sigil_itan, evilmike_mini_pan_layers, layout_gridlike,
          pan_blood_fountain, nicolae_pan_mnolegish_3

Notes
Turn   | Place    | Note
-------+----------+-------------------------------------------
     0 | D:1      | sanka the Minotaur Fighter began the quest for the Orb.
     0 | D:1      | Reached XP level 1. HP: 19/19 MP: 0/0
   113 | D:1      | Found Seshoz's Weapon Emporium.
   120 | D:1      | Reached XP level 2. HP: 27/27 MP: 1/1
   155 | D:1      | Reached skill level 4 in Fighting
   189 | D:1      | Reached skill level 3 in Maces & Flails
   243 | D:1      | Found a faded altar of an unknown god.
   661 | D:2      | Noticed Terence
   742 | D:2      | Reached XP level 3. HP: 23/33 MP: 2/2
   925 | D:2      | Reached skill level 4 in Maces & Flails
  1257 | D:2      | Killed Terence
  1258 | D:2      | Reached skill level 5 in Maces & Flails
  1258 | D:2      | Reached XP level 4. HP: 10/40 MP: 3/3
  1630 | D:3      | Noticed a phantom
  1639 | D:3      | Killed a phantom
  1640 | D:3      | Reached skill level 6 in Maces & Flails
  1640 | D:3      | Reached XP level 5. HP: 42/46 MP: 4/4
  2400 | D:4      | Identified the staff "Mepnurou" {^Fragile rF+ rC+ Dex+3
                  | Ice}
  2427 | D:4      | Reached skill level 7 in Maces & Flails
  2430 | D:4      | Reached XP level 6. HP: 52/52 MP: 5/5
  2441 | D:4      | Noticed Grinder
  2457 | D:4      | Paralysed by Grinder for 5 turns
  2470 | D:4      | Paralysed by Grinder for 4 turns
  2475 | D:4      | Killed Grinder
  2476 | D:4      | Reached skill level 8 in Maces & Flails
  2484 | D:4      | Noticed Blork the orc
  2497 | D:4      | Killed Blork the orc
  2498 | D:4      | Reached skill level 9 in Maces & Flails
  2498 | D:4      | Reached XP level 7. HP: 48/59 MP: 6/6
  2594 | D:4      | Found a sand-covered staircase.
  2605 | Ossuary  | Entered an ossuary
  2692 | Ossuary  | Reached skill level 10 in Maces & Flails
  2791 | Ossuary  | Reached skill level 11 in Maces & Flails
  2874 | D:4      | Reached XP level 8. HP: 66/66 MP: 7/7
  3166 | D:6      | Reached skill level 12 in Maces & Flails
  3188 | D:6      | Noticed an unseen horror
  3204 | D:6      | Killed an unseen horror
  3205 | D:6      | Reached skill level 4 in Armour
  3205 | D:6      | Reached skill level 4 in Shields
  3255 | D:6      | Reached skill level 5 in Fighting
  3259 | D:6      | Reached skill level 5 in Armour
  3259 | D:6      | Reached skill level 5 in Shields
  3313 | D:5      | Entered Level 5 of the Dungeon
  3531 | D:5      | Reached XP level 9. HP: 75/75 MP: 8/8
  3594 | D:5      | Noticed a two-headed ogre
  3610 | D:4      | Found a staircase to the Ecumenical Temple.
  3620 | Temple   | Entered the Ecumenical Temple
  3704 | D:4      | Reached skill level 6 in Fighting
  3907 | D:5      | Killed a two-headed ogre
  3908 | D:5      | Reached skill level 6 in Armour
  3908 | D:5      | Reached skill level 6 in Shields
  3988 | D:5      | Reached skill level 7 in Fighting
  4121 | D:5      | Reached skill level 7 in Armour
  4121 | D:5      | Reached skill level 7 in Shields
  4229 | D:5      | Found a glowing golden altar of the Shining One.
  4229 | D:5      | Found an ancient bone altar of Kikubaaqudgha.
  4229 | D:5      | Found a sacrificial altar of Ru.
  4229 | D:5      | Found a glowing silver altar of Zin.
  4229 | D:5      | Found a glowing golden altar of the Shining One.
  4229 | D:5      | Found an iron altar of Okawaru.
  4453 | D:5      | Became a worshipper of the Shining One
  4628 | D:6      | Reached skill level 8 in Fighting
  4650 | D:6      | Reached skill level 8 in Armour
  4650 | D:6      | Reached skill level 8 in Shields
  4963 | D:6      | Found a runed translucent door.
  4964 | D:6      | Noticed Crazy Yiuf
  5053 | D:6      | Noticed a komodo dragon
  5062 | D:6      | Killed a komodo dragon
  5063 | D:6      | Reached XP level 10. HP: 38/90 MP: 9/9
  5331 | D:6      | Killed Crazy Yiuf
  5604 | D:7      | Reached skill level 9 in Fighting
  5755 | D:7      | Found a glowing golden altar of the Shining One.
  5755 | D:7      | Found a glowing silver altar of Zin.
  5798 | D:6      | Identified +0 swamp dragon scales
  5798 | D:6      | Noticed Maggie
  5805 | D:6      | Killed Maggie
  5815 | D:6      | Identified a scroll of acquirement
  5819 | D:6      | Acquired a +1 eveningstar of protection
  5969 | D:7      | Reached * piety under the Shining One
  5972 | D:7      | Reached skill level 9 in Armour
  6084 | D:8      | Found a blossoming altar of Fedhas.
  6110 | D:8      | Noticed Jeremiah
  6134 | D:8      | Killed Jeremiah
  6135 | D:8      | Reached skill level 9 in Shields
  6841 | D:8      | Noticed Pikel
  6851 | D:8      | Killed Pikel
  6865 | D:8      | Found a snail-covered altar of Cheibriados.
  6910 | D:8      | Reached skill level 10 in Fighting
  7124 | D:8      | Found Wyhaic's Tremendous Tomes.
  7328 | D:9      | Reached ** piety under the Shining One
  7342 | D:9      | Reached XP level 11. HP: 99/99 MP: 10/10
  7350 | D:9      | Reached skill level 10 in Armour
  7399 | D:9      | Reached skill level 10 in Shields
  7425 | D:9      | Noticed Maurice
  7430 | D:9      | Killed Maurice
  7506 | D:9      | Found a staircase to the Lair.
  7541 | D:9      | Reached skill level 13 in Maces & Flails
  7815 | D:9      | Found a runed translucent door.
  7816 | D:9      | Noticed Armakuni's ghost (novice DEGl)
  7979 | D:9      | Reached *** piety under the Shining One
  8230 | D:9      | Killed Armakuni's ghost
  8232 | D:9      | Identified the ring "Kuovuxk Boro" {Fire Str+3 Dex+2}
  8257 | D:10     | Entered Level 10 of the Dungeon
  8284 | D:10     | Reached skill level 14 in Maces & Flails
  8327 | D:10     | Noticed a two-headed ogre
  8331 | D:10     | Killed a two-headed ogre
  8899 | D:11     | Found Yrrier's Magic Scroll Emporium.
  8914 | D:11     | Reached skill level 15 in Maces & Flails
  8946 | D:11     | Found Mevoc's General Store.
  9130 | D:11     | Found Odewk's General Store.
  9372 | D:11     | Reached skill level 16 in Maces & Flails
  9461 | D:11     | Reached XP level 12. HP: 98/108 MP: 11/11
  9517 | D:11     | Found Uliledwi's Antique Armour Shoppe.
  9564 | D:11     | Found Ceguulado's Antique Weapon Emporium.
  9731 | D:12     | Noticed a boulder beetle
  9738 | D:12     | Killed a boulder beetle
  9739 | D:12     | Reached skill level 11 in Fighting
  9795 | D:12     | Found a staircase to the Orcish Mines.
  9836 | D:12     | Reached skill level 11 in Armour
  9851 | D:12     | Reached skill level 11 in Shields
  9905 | D:12     | Reached **** piety under the Shining One
  9997 | D:12     | Found a gate leading to a gauntlet.
 10074 | Gauntlet | Entered a Gauntlet
 10074 | Gauntlet | Found a transporter.
 10074 | Gauntlet | Found a transporter.
 10109 | Gauntlet | Found a transporter.
 10113 | Gauntlet | Found a transporter.
 10120 | Gauntlet | Found a runed translucent door.
 10123 | Gauntlet | Found a transporter.
 10125 | Gauntlet | Found a transporter.
 10129 | Gauntlet | Found a runed translucent door.
 10131 | Gauntlet | Found a runed translucent door.
 10133 | Gauntlet | Found a transporter.
 10149 | Gauntlet | Found a transporter.
 10163 | Gauntlet | Found a transporter.
 10167 | Gauntlet | Found a transporter.
 10179 | Gauntlet | Found a transporter.
 10179 | Gauntlet | Found a transporter.
 10232 | Gauntlet | Identified the +0 cloak "Ineph" {Str+3}
 10724 | Gauntlet | Reached skill level 12 in Fighting
 10911 | Gauntlet | Noticed a minotaur
 10927 | Gauntlet | Killed a minotaur
 11384 | D:13     | Noticed a centaur warrior
 11397 | D:13     | Killed a centaur warrior
 11398 | D:13     | Reached skill level 12 in Armour
 11398 | D:13     | Reached skill level 12 in Shields
 11484 | D:13     | Found Vaagueb's Armour Shop.
 11495 | D:13     | Noticed Azrael
 11509 | D:13     | Killed Azrael
 11512 | D:13     | Noticed Erolcha
 11529 | D:13     | Killed Erolcha
 11820 | D:13     | Noticed a centaur warrior
 11834 | D:13     | Noticed a catoblepas
 11834 | D:13     | Killed a centaur warrior
 11858 | D:13     | Killed a catoblepas
 11859 | D:13     | Reached XP level 13. HP: 23/119 MP: 9/12
 12454 | D:13     | Reached skill level 13 in Fighting
 12537 | D:13     | Reached skill level 13 in Armour
 12537 | D:13     | Reached skill level 13 in Shields
 13923 | D:14     | Reached skill level 14 in Fighting
 14011 | D:14     | Reached skill level 14 in Armour
 14011 | D:14     | Reached skill level 14 in Shields
 14290 | D:14     | Found a gate to the Vaults.
 14299 | D:14     | Noticed Snorg
 14306 | D:14     | Killed Snorg
 14395 | D:14     | Found a radiant altar of Vehumet.
 14806 | D:15     | Entered Level 15 of the Dungeon
 14829 | D:15     | Found a staircase to the Depths.
 14829 | D:15     | Noticed a stone giant
 15034 | D:15     | Found a runed translucent door.
 15035 | D:15     | Noticed brae's ghost (adept HuBe)
 15035 | D:15     | Identified the +10 trident "Pofraudi" {chaos, Int+6}
 15035 | D:15     | Reached ***** piety under the Shining One
 15144 | D:15     | Paralysed by an orc sorcerer for 4 turns
 15150 | D:15     | Reached XP level 14. HP: 125/133 MP: 13/13
 15441 | D:15     | Identified the +1 leather armour of Atul {*Slow rF+ rCorr}
 15526 | D:15     | Killed a stone giant
 15527 | D:15     | Reached skill level 15 in Fighting
 15809 | D:15     | Reached skill level 15 in Armour
 15809 | D:15     | Reached skill level 15 in Shields
 15930 | D:15     | Noticed Josephine
 15938 | D:15     | Killed Josephine
 15939 | D:15     | Reached skill level 1 in Dodging
 15939 | D:15     | Reached skill level 1 in Invocations
 15959 | D:15     | Reached skill level 2 in Dodging
 15959 | D:15     | Reached skill level 2 in Invocations
 16095 | D:15     | Reached skill level 3 in Dodging
 16101 | D:15     | Reached skill level 3 in Invocations
 16116 | D:15     | Identified 2 potions of resistance
 16204 | D:15     | Reached skill level 4 in Dodging
 16228 | D:15     | Reached skill level 4 in Invocations
 16778 | D:11     | Bought a scroll of enchant weapon for 90 gold pieces
 16778 | D:11     | Bought a scroll of poison for 48 gold pieces
 16793 | D:11     | Bought a scroll of identify for 28 gold pieces
 16833 | D:11     | Bought a scroll of identify for 28 gold pieces
 17289 | D:15     | Reached skill level 5 in Dodging
 17334 | D:15     | Killed brae's ghost
 17540 | Depths:1 | Entered Level 1 of the Depths
 17545 | Depths:1 | Noticed a white very ugly thing
 17558 | Depths:1 | Noticed a white very ugly thing
 17559 | Depths:1 | Reached skill level 5 in Invocations
 17570 | Depths:1 | Killed a white very ugly thing
 17571 | Depths:1 | Reached skill level 6 in Dodging
 17573 | Depths:1 | Killed a purple very ugly thing
 17643 | Depths:1 | Reached skill level 6 in Invocations
 17656 | Depths:1 | Reached skill level 7 in Dodging
 17837 | Depths:1 | Found a gateway to Hell.
 17838 | Depths:1 | Noticed a fire giant
 17857 | Depths:1 | Killed a fire giant
 17968 | Depths:1 | Noticed a frost giant
 17991 | Depths:1 | Killed a frost giant
 18268 | Depths:1 | Reached skill level 7 in Invocations
 18485 | Depths:1 | Identified +0 fire dragon scales
 18637 | Depths:1 | Reached skill level 8 in Invocations
 18637 | Depths:1 | Reached XP level 15. HP: 141/141 MP: 18/20
 18720 | Depths:1 | Noticed a fire giant
 18894 | D:15     | Killed a fire giant
 19169 | Depths:1 | Found a burning altar of Makhleb.
 19169 | Depths:1 | Noticed an Executioner
 19181 | Depths:1 | Reached skill level 9 in Invocations
 19265 | Depths:1 | Reached skill level 10 in Invocations
 19456 | Depths:1 | Noticed a fire giant
 19467 | Depths:1 | Killed a fire giant
 19614 | Depths:1 | Found a one-way gate leading to the halls of Pandemonium.
 19956 | Depths:1 | Identified +0 ice dragon scales
 20007 | Depths:1 | Reached skill level 11 in Invocations
 20277 | Depths:2 | Noticed a frost giant
 20755 | Depths:1 | Reached skill level 12 in Invocations
 20937 | Depths:1 | Reached skill level 8 in Dodging
 21397 | Depths:2 | Reached skill level 9 in Dodging
 21727 | Depths:2 | Killed a frost giant
 21967 | Depths:2 | Noticed a fire giant
 21986 | Depths:2 | Killed a fire giant
 22071 | Depths:2 | Reached skill level 13 in Invocations
 22312 | Depths:2 | Identified +0 ice dragon scales
 22369 | Depths:2 | Found a transporter.
 22370 | Depths:2 | Noticed a tentacled starspawn
 22371 | Depths:2 | Found a corrupted altar of Lugonu.
 22399 | Depths:2 | Noticed a tentacled monstrosity
 22416 | Depths:2 | Reached XP level 16. HP: 126/149 MP: 24/24
 22775 | Depths:2 | Reached skill level 10 in Dodging
 22922 | Depths:2 | Noticed a lich
 22927 | Depths:2 | Killed a lich
 23191 | Depths:2 | Found a transporter.
 23285 | Depths:3 | Noticed a lich
 23416 | Depths:3 | Noticed a doom hound
 23417 | Depths:3 | Noticed Grunn
 23438 | Depths:3 | Noticed a doom hound
 23442 | Depths:3 | Noticed a doom hound
 23445 | Depths:3 | Noticed a bone dragon
 23446 | Depths:3 | Killed a doom hound
 23451 | Depths:2 | The Shining One protects you from harm!
 23452 | Depths:2 | Noticed a bone dragon
 23454 | Depths:2 | HP: 8/149 [bone dragon[a doom hound] (18)]
 23455 | Depths:2 | Killed a doom hound
 23459 | Depths:2 | Noticed a Tzitzimitl
 23459 | Depths:2 | Killed a bone dragon
 23462 | Depths:2 | Killed a bone dragon
 23466 | Depths:2 | HP: 9/149 [Tzitzimitl[a doom hound] (9)]
 23468 | Depths:2 | Reached skill level 11 in Dodging
 23469 | Depths:2 | Killed a Tzitzimitl
 23473 | Depths:2 | Reached skill level 14 in Invocations
 23771 | Depths:2 | Killed a doom hound
 23919 | Depths:2 | Killed Grunn
 24150 | Depths:3 | Identified +0 fire dragon scales
 24497 | Depths:3 | Noticed a tentacled monstrosity
 24524 | Depths:3 | Killed a tentacled monstrosity
 24525 | Depths:3 | Reached skill level 12 in Dodging
 24544 | Depths:3 | Killed a lich
 24695 | Depths:3 | Noticed a lich
 24700 | Depths:3 | Killed a lich
 24887 | Depths:3 | Noticed a tentacled monstrosity
 24903 | Depths:3 | Killed a tentacled monstrosity
 25095 | Depths:3 | Found a shimmering blue altar of Sif Muna.
 25239 | Depths:3 | Reached skill level 15 in Invocations
 25362 | Depths:3 | Noticed a golden dragon
 25383 | Depths:3 | Killed a golden dragon
 25383 | Depths:3 | Identified +0 gold dragon scales
 25384 | Depths:3 | Reached skill level 13 in Dodging
 25446 | Depths:3 | Found a corrupted altar of Lugonu.
 25446 | Depths:3 | Found a one-way gate to the infinite horrors of the Abyss.
 25575 | Depths:3 | Noticed a sphinx
 25596 | Depths:3 | Killed a sphinx
 25765 | Depths:3 | Reached XP level 17. HP: 80/156 MP: 27/27
 26007 | Depths:3 | Found a one-way gateway to a ziggurat.
 26865 | Depths:4 | Entered Level 4 of the Depths
 26991 | Depths:4 | Identified +0 steam dragon scales
 27004 | Depths:4 | Reached skill level 14 in Dodging
 27608 | Depths:4 | Identified +0 shadow dragon scales
 28141 | Depths:4 | Reached skill level 16 in Fighting
 28141 | Depths:4 | Reached skill level 16 in Armour
 28506 | Depths:4 | Identified +0 acid dragon scales
 28955 | Depths:4 | Identified +0 acid dragon scales
 29335 | Depths:4 | Noticed a quicksilver dragon
 29356 | Depths:4 | Killed a quicksilver dragon
 29478 | Depths:4 | Noticed a golden dragon
 29537 | Depths:4 | Killed a golden dragon
 29611 | Depths:4 | Found a gate to the Realm of Zot.
 29900 | D:11     | Bought a runed demon whip for 576 gold pieces
 30056 | Hell     | Entered the Vestibule of Hell
 30056 | Hell     | Noticed Geryon
 30940 | Pan      | Entered Pandemonium
 31072 | Pan      | Noticed an Ice Fiend
 31083 | Pan      | Killed an Ice Fiend
 31248 | Pan      | Reached skill level 17 in Fighting
 31277 | Pan      | Reached skill level 17 in Armour
 31303 | Pan      | Noticed Onuemen the pandemonium lord
 31325 | Pan      | Killed Onuemen the pandemonium lord
 32013 | Pan      | Noticed a Tzitzimitl
 32021 | Pan      | Reached XP level 18. HP: 114/171 MP: 28/28
 32031 | Pan      | Killed a Tzitzimitl
 32152 | Pan      | Reached ****** piety under the Shining One
 32165 | Pan      | Reached skill level 18 in Fighting
 32165 | Pan      | Reached skill level 18 in Armour
 32344 | Pan      | Identified a +2 sacred scourge of holy wrath (a +0 vampiric
                  | demon whip blessed by the Shining One)
 32344 | Pan      | Received a gift from the Shining One
 32785 | Pan      | Noticed a Brimstone Fiend
 32792 | Pan      | Killed a Brimstone Fiend
 33061 | Pan      | Identified the +6 flail of Disorder {flame, rC- rN+++
                  | Str+7}
 33150 | Pan      | Found an exit through the horrors of the Abyss.
 33168 | Pan      | Reached skill level 19 in Fighting
 33168 | Pan      | Reached skill level 19 in Armour
 33397 | Pan      | Noticed Fesis the pandemonium lord
 33406 | Pan      | The Shining One protects you from harm!
 33406 | Pan      | HP: 13/176 [Fesis the pandemonium lord (26)]
 33879 | Pan      | Noticed a golden dragon
 34042 | Pan      | Noticed Lankeuho the pandemonium lord
 34054 | Pan      | Noticed a Brimstone Fiend
 34060 | Pan      | The Shining One protects you from harm!
 34060 | Pan      | Killed from afar by a Brimstone Fiend

Vanquished Creatures
  2 golden dragons
  A Brimstone Fiend (Pan)
  2 Tzitzimimeh
  2 doom hounds
  An Ice Fiend (Pan)
  2 tentacled monstrosities (Depths:3)
  3 liches
  Grunn (Depths:2)
  A quicksilver dragon (Depths:4)
  A sphinx (Depths:3)
  2 Executioners (Pan)
  The ghost of brae the Bludgeoner, an adept HuBe of Trog (D:15)
  A shadow dragon (Depths:4)
  A tengu reaver (Depths:3)
  A draconian shifter (Depths:4)
  6 fire giants
  An angel (Pan)
  4 frost giants
  A draconian annihilator (Depths:4)
  A balrug (Pan)
  A demonspawn corrupter (Pan)
  4 reapers
  2 spriggan defenders (Depths:4)
  2 cacodemons (Pan)
  4 very ugly things
  4 stone giants
  A demonspawn black sun (Pan)
  A minotaur (Gauntlet)
  2 red draconians (Depths:4)
  2 pale draconians (Depths:4)
  2 purple draconians (Depths:4)
  Azrael (D:13)
  4 lorocyprocas
  4 spark wasps
  2 green deaths
  2 yellow draconians (Depths:4)
  A blizzard demon (Depths:3)
  Snorg (D:14)
  9 ettins
  2 jiangshi (Depths:4)
  Josephine (D:15)
  7 fire dragons
  A yaktaur captain (D:14)
  5 rakshasas
  3 hell beasts
  Erolcha (D:13)
  6 ice dragons
  2 hydras (D:15)
  4 spriggan air magi
  An ogre mage (D:15)
  A catoblepas (D:13)
  2 boulder beetles
  6 centaur warriors
  A two-headed ogre (shapeshifter) (D:13)
  6 tengu warriors
  2 two-headed ogres
  7 deep troll shamans
  2 demonic crawlers (Pan)
  7 deep troll earth magi
  3 vampire magi
  2 occultists
  6 spriggan berserkers
  14 sun demons
  4 deep elf knights (D:13)
  7 iron trolls
  8 soul eaters
  A salamander mystic (Depths:3)
  A skyshark (shapeshifter) (D:13)
  4 sixfirhies (Pan)
  The ghost of Armakuni the Skirmisher, a novice DEGl of Gozag (D:9)
  3 skeletal warriors (D:15)
  17 deep trolls
  A flayed ghost (Depths:4)
  2 deep elf archers (D:13)
  An arcanist (D:15)
  2 glowing orange brains
  13 large abominations (Pan)
  3 shadow demons (Pan)
  Pikel (D:8)
  2 orc knights (D:15)
  2 lightning spires (Gauntlet)
  2 deep elf pyromancers
  3 deep elf zephyrmancers (D:13)
  31 ugly things
  4 salamanders
  A shining eye (shapeshifter) (D:13)
  6 cyclopes
  An orc sorcerer (D:15)
  4 manticores
  Maurice (D:9)
  A meliai (shapeshifter) (D:14)
  A black mamba (shapeshifter) (D:14)
  11 smoke demons
  Jeremiah (D:8)
  A guardian serpent (shapeshifter) (D:13)
  2 orange demons (Pan)
  A hellion (Pan)
  4 gargoyles
  2 komodo dragons
  5 unseen horrors
  Maggie (D:6)
  2 yaktaurs (D:14)
  A freezing wraith (D:14)
  A sea snake zombie (Hell)
  2 ice devils
  5 tormentors
  2 red devils (Pan)
  3 hellwings (Pan)
  A queen bee (shapeshifter) (D:15)
  2 polar bears
  8 trolls
  Grinder (D:4)
  3 hornets
  2 raiju (Gauntlet)
  3 spriggans
  7 slime creatures
  3 centaur simulacra
  A vampire (D:9)
  4 ynoxinuls (Pan)
  6 water elementals
  A wyvern (D:8)
  4 wraiths (D:15)
  2 yaks (D:9)
  A neqoxec (Pan)
  7 fire elementals (D:13)
  12 vampire mosquitoes
  2 basilisks
  8 chaos spawn (Pan)
  5 steam dragons
  4 acid dragons
  2 hell hounds (D:13)
  5 water moccasins
  19 orc warriors
  A meliai simulacrum (Gauntlet)
  5 black bears
  3 ice beasts (D:9)
  A sky beast (D:8)
  2 wolves (D:9)
  6 ogres
  16 centaurs
  A lemure (D:8)
  A boggart (D:15)
  6 phantoms
  Blork the orc (D:4)
  5 kobold brigands
  An elf zombie (Ossuary)
  7 bullfrogs
  5 gnoll sergeants
  6 scorpions
  16 wights
  14 killer bees
  An electric eel (D:9)
  7 howler monkeys
  2 bombardier beetles
  2 wyvern simulacra
  A hound (D:6)
  2 gnoll boudas
  A human zombie (Ossuary)
  Crazy Yiuf (D:6)
  4 jellies
  6 orc priests
  6 iguanas
  Terence (D:2)
  4 scorpion zombies (Ossuary)
  6 orc wizards
  3 mummies (Ossuary)
  19 gnolls
  9 adders
  A shadow imp (D:8)
  4 white imps
  2 howler monkey simulacra (D:9)
  An ufetubus (D:9)
  3 adder zombies (Ossuary)
  2 dart slugs
  33 orcs
  12 endoplasms
  3 giant cockroaches
  2 gnoll zombies (Ossuary)
  4 goblins
  4 hobgoblins
  2 quokkas (D:2)
  7 ball pythons
  6 bats
  11 frilled lizards
  3 jackal zombies (Ossuary)
  19 kobolds
  3 kobold zombies (Ossuary)
  5 rats
760 creatures vanquished.

Vanquished Creatures (collateral kills)
  A pandemonium lord (Pan)
  2 bone dragons (Depths:2)
  A doom hound (Depths:2)
  A balrug (Pan)
  4 reapers
  A demonspawn corrupter (Pan)
  A very ugly thing (Depths:1)
  A lorocyproca (Pan)
  An ettin (Depths:3)
  A blizzard demon (Pan)
  A tengu warrior (Depths:1)
  A soul eater (Pan)
  A spriggan berserker (Depths:1)
  6 sun demons (Pan)
  3 sixfirhies (Pan)
  A shadow demon (Pan)
  7 large abominations (Pan)
  3 tormentors
  2 ynoxinuls (Pan)
  A fire elemental (Depths:3)
  3 neqoxecs (Pan)
43 creatures vanquished.

Vanquished Creatures (others)
  A tormentor (Depths:3)
  2 water elementals (D:13)
3 creatures vanquished.

Grand Total: 806 creatures vanquished
